 Dungeon Crawl Stone Soup version 0.29-a0-275-g389c0b56f3 (webtiles) character file.

Game seed: 6029147093007369245

1842 bande the Chopper (level 9, 0/54 HPs)
             Began as a Gargoyle Fighter on Mar 11, 2022.
             Was a Follower of Okawaru.
             Slain by an orc warrior
             ... wielding a +0 morningstar
              (9 damage)
             ... on level 5 of the Dungeon.
             The game lasted 00:12:39 (7749 turns).

bande the Chopper (Gargoyle Fighter)                Turns: 7749, Time: 00:12:40

Health: 0/54       AC: 18    Str: 19    XL:     9   Next: 12%
Magic:  9/9        EV: 11    Int: 10    God:    Okawaru [*.....]
Gold:   1338       SH:  5    Dex: 13    Spells: 8/8 levels left

rFire   + . .      SeeInvis .   a - +1 war axe (freeze)
rCold   . . .      Faith    .   c - +0 buckler
rNeg    + . .      Spirit   .   s - +0 chain mail
rPois   ∞          Reflect  .   (helmet restricted)
rElec   +          Harm     .   v - +0 cloak
rCorr   .          Rampage  .   (no gloves)
Will    .....                   (no boots)
Stlth   ..........              (no amulet)
HPRegen 0.18/turn               j - +4 ring of evasion
MPRegen 0.11/turn               i - ring of protection from fire

@: no status effects
A: sickness immunity, AC +6, negative energy resistance 1, electricity
resistance, torment resistance 1, petrification resistance, hooves 1, horns 1,
low MP 1, MP-powered wands
a: Renounce Religion, Heroism


You were on level 5 of the Dungeon.
You worshipped Okawaru.
Okawaru was aware of your devotion.
You visited 2 branches of the dungeon, and saw 7 of its levels.
You also visited: Sewer.

You collected 1338 gold pieces.

Inventory:

Hand Weapons
 a - a +1 war axe of freezing (weapon)
 m - a +0 morningstar
Armour
 c - a +0 buckler (worn)
 s - a +0 chain mail (worn)
 v - a +0 cloak (worn)
Jewellery
 i - a ring of protection from fire (right hand)
 j - a +4 ring of evasion (left hand)
 w - a ring of wizardry
Wands
 b - a wand of acid (15)
 p - a wand of paralysis (3)
Scrolls
 k - 4 scrolls of blinking
 n - a scroll of fog
 o - 2 scrolls of teleportation
 q - 2 scrolls of amnesia
 u - 3 scrolls of brand weapon
Potions
 d - a potion of might
 e - a potion of flight {unknown}
 f - a potion of ambrosia {unknown}
 g - 3 potions of invisibility
 h - a potion of curing {unknown}
 l - a potion of cancellation {unknown}
 r - a potion of heal wounds {unknown}
 t - a potion of magic {unknown}


   Skills:
 + Level 5.3 Fighting
 + Level 6.8 Axes
 + Level 6.7 Armour
 + Level 4.9 Shields
 * Level 2.7 Invocations
 * Level 3.6 Evocations


You had 8 spell levels left.
You didn't know any spells.
Your spell library contained the following spells:

 Spells                   Type           Power      Damage    Failure   Level
 Beastly Appendage        Tmut           0%         N/A       99%         1
 Blink                    Tloc           0%         N/A       100%        2
 Wereblood                Tmut           0%         N/A       100%        2
 Lesser Beckoning         Tloc           0%         N/A       100%        3
 Spider Form              Tmut/Pois      0%         N/A       100%        3
 Manifold Assault         Tloc           0%         N/A       100%        5
 Call Canine Familiar     Summ           Unusable   N/A       N/A         3
 Summon Lightning Spire   Summ/Air       Unusable   N/A       N/A         4
 Summon Forest            Summ/Tloc      Unusable   N/A       N/A         5

Dungeon Overview and Level Annotations

Branches:
Dungeon (6/15)             Temple (1/1) D:5           Sewer (visited)

Altars:
Ashenzari
Cheibriados
Dithmenos
Elyvilon
Fedhas
Gozag
Hepliaklqana
Kikubaaqudgha
Makhleb
Nemelex Xobeh
Okawaru
Qazlal
Ru
Sif Muna
Trog
Uskayaw
Vehumet
Wu Jian
Xom
Yredelemnul
Zin
The Shining One


Innate Abilities, Weirdness & Mutations

You are immune to sickness and miasma.
Your stone body is resilient. (AC +6)
You are immune to poison.
You resist negative energy. (rN+)
You are resistant to electric shocks. (rElec)
You are resistant to unholy torment.
You are immune to petrification.
You have large cloven feet.
You have a pair of small horns on your head.
Your magical capacity is low. (-10% MP)
You expend magic power (3 MP) to strengthen your wands.


Message History

You see here a bullfrog corpse.
Unknown command.
You hit the orc warrior. You freeze the orc warrior. You kick the orc warrior.
The orc warrior is moderately wounded.
The orc warrior misses you.
You hit the orc warrior. You freeze the orc warrior.
The orc warrior is heavily wounded.
The orc warrior hits you with a +0 morningstar.
You hit the orc warrior. You freeze the orc warrior.
Your kick misses the orc warrior.
You headbutt the orc warrior, but do no damage.
The orc warrior is heavily wounded.
The orc warrior barely misses you.
You closely miss the orc warrior. Your kick misses the orc warrior.
Your headbutt misses the orc warrior.
The orc warrior is heavily wounded.
The orc warrior hits you with a +0 morningstar!
* * * LOW HITPOINT WARNING * * *
You hit the orc warrior but do no damage.
The orc warrior is heavily wounded.
The orc warrior misses you. The orc warrior closely misses you.
You slash the orc warrior! You freeze the orc warrior.
Your kick misses the orc warrior.
The orc warrior is severely wounded.
You block the orc warrior's attack.
You hit the orc warrior. You freeze the orc warrior.
You headbutt the orc warrior, but do no damage.
The orc warrior is almost dead.
The orc warrior hits you with a +0 morningstar.
* * * LOW HITPOINT WARNING * * *
You hit the orc warrior. You freeze the orc warrior.
Your kick misses the orc warrior.
The orc warrior is almost dead.
You block the orc warrior's attack.
You hit the orc warrior but do no damage.
Your kick misses the orc warrior.
You headbutt the orc warrior, but do no damage.
The orc warrior is almost dead.
The orc warrior hits you with a +0 morningstar!
You die...

##.##.##.##..#.........# #.
##^........#..[.)..##..# ##
###..>....###.)[.......#
.........#.#.##.#####.##
#........##..##.#####.#####
#........##...............#
..............#..####..##.#
###....#.###..#.o####...##### ###
#.##.#.# #...>@..<##..###.###.#
#.##.#.# ##.#).##[....##..#.#.#
#.##.#.####.#..##..##.##.......
#..#.#.##......##..##.##_......
##.....................#_.#.#.#
####.....................####.#.#
...[...#########..#..##.## #####
.......#.......#.....##.# #.
####...#.......#).#.###.# #.


You could see an orc warrior.

Vanquished Creatures
  The ghost of spaghetti the Magician, a novice DECK of Xom (D:4)
  A black bear (D:4)
  5 ogres
  3 centaurs
  A phantom (D:5)
  A kobold brigand (Sewer)
  A bullfrog (D:5)
  A scorpion (D:5)
  2 hounds (D:5)
  Crazy Yiuf (D:3)
  2 orc priests
  4 iguanas
  3 orc wizards (D:5)
  Ijyb (D:3)
  8 adders
  2 river rats (Sewer)
  A worm (D:3)
  A dart slug (D:4)
  17 orcs
  10 endoplasms
  7 giant cockroaches
  6 goblins
  8 hobgoblins
  7 quokkas
  6 ball pythons
  4 bats (D:1)
  5 frilled lizards
  19 kobolds
  21 rats
149 creatures vanquished.

Vanquished Creatures (others)
  3 fungi (D:1)
  5 toadstools (D:3)
8 creatures vanquished.

Grand Total: 157 creatures vanquished

Notes
Turn   | Place    | Note
-------+----------+-------------------------------------------
     0 | D:1      | bande the Gargoyle Fighter began the quest for the Orb.
     0 | D:1      | Reached XP level 1. HP: 14/14 MP: 1/1
   100 | D:1      | Reached XP level 2. HP: 8/19 MP: 2/2
   805 | D:1      | Reached XP level 3. HP: 23/23 MP: 3/3
  1228 | D:1      | Found a faded altar of an unknown god.
  2166 | D:3      | Got Sif Muna's Disquisition on Companions
  2306 | D:3      | Reached XP level 4. HP: 28/28 MP: 4/4
  2339 | D:3      | Found a shimmering blue altar of Sif Muna.
  2480 | D:3      | Noticed Ijyb
  2481 | D:3      | Paralysed by Ijyb for 4 turns
  2492 | D:3      | Killed Ijyb
  2713 | D:3      | Found a glowing drain.
  2750 | Sewer    | Entered a sewer
  2975 | Sewer    | Reached XP level 5. HP: 33/33 MP: 5/5
  3123 | Sewer    | Noticed a kobold brigand
  3131 | Sewer    | Killed a kobold brigand
  3183 | Sewer    | Reached XP level 6. HP: 36/38 MP: 6/6
  3713 | D:3      | Found a runed translucent door.
  3714 | D:3      | Noticed Crazy Yiuf
  3835 | D:3      | Killed Crazy Yiuf
  4310 | D:3      | Reached skill level 1 in Evocations
  4794 | D:4      | Reached XP level 7. HP: 29/43 MP: 7/7
  5083 | D:4      | Reached skill level 5 in Armour
  5101 | D:4      | Identified a scroll of acquirement
  5101 | D:4      | Acquired 889 gold pieces
  5109 | D:4      | Reached skill level 5 in Axes
  5329 | D:4      | Gained mutation: You are frail. (-10% HP) [potion of
                  | mutation]
  5329 | D:4      | Gained mutation: You have a pair of small horns on your
                  | head. [potion of mutation]
  5330 | D:4      | Lost mutation: You have a pair of small horns on your head.
                  | [potion of mutation]
  5330 | D:4      | Lost mutation: You are frail. (-10% HP) [potion of
                  | mutation]
  5330 | D:4      | Gained mutation: You tend to lose your temper in combat.
                  | [potion of mutation]
  5331 | D:4      | Lost mutation: You tend to lose your temper in combat.
                  | [potion of mutation]
  5331 | D:4      | Gained mutation: Your magical capacity is low. (-10% MP)
                  | [potion of mutation]
  5331 | D:4      | Gained mutation: You have a pair of small horns on your
                  | head. [potion of mutation]
  5331 | D:4      | Gained mutation: You expend magic power (3 MP) to
                  | strengthen your wands. [potion of mutation]
  5331 | D:4      | Gained mutation: You have large cloven feet. [potion of
                  | mutation]
  5631 | D:5      | Entered Level 5 of the Dungeon
  5689 | D:5      | Reached XP level 8. HP: 48/48 MP: 7/7
  6021 | D:5      | Found a staircase to the Ecumenical Temple.
  6033 | Temple   | Entered the Ecumenical Temple
  6406 | D:5      | Found an iron altar of Okawaru.
  6413 | D:5      | Found a glowing golden altar of the Shining One.
  6413 | D:5      | Found a sacrificial altar of Ru.
  6469 | D:5      | Became a worshipper of Warmaster Okawaru
  6911 | D:5      | Noticed spaghetti's ghost (novice DECK)
  6915 | D:5      | Found a runed translucent gate.
  6915 | D:5      | Found a runed translucent gate.
  6915 | D:5      | Found a runed translucent gate.
  7064 | D:5      | Reached skill level 1 in Invocations
  7175 | D:4      | Killed spaghetti's ghost
  7176 | D:4      | Reached skill level 5 in Fighting
  7642 | D:5      | Reached * piety under Okawaru
  7643 | D:5      | Reached XP level 9. HP: 46/54 MP: 9/9
  7749 | D:5      | Slain by an orc warrior

Illustrated notes

Levels and vault maps discovered:
D:1:      scummos_arrival_simple_crosswalls, layout_loops_cross,
          shapermc_ecumenical_altar_petra
D:2:      layout_loops_corners
D:3:      layout_loops_cross, mainiacjoe_overflow_brackets,
          gup_sewer_entry_pipe, minmay_gold_behind_fungi, uniq_ijyb,
          uniq_crazy_yiuf_cottage
D:4:      layout_basic
D:5:      layout_loops_ring, minitemple, minmay_temple_entry_trees,
          gammafunk_ghost_split
D:6:      layout_rooms
Temple:   dpeg_five_rooms_temple

Skill      XL: |  1  2  3  4  5  6  7  8 |
---------------+-------------------------+-----
Axes           | 2 3 4 5 6 |  6.8
Armour         | 4 5 6 |  6.7
Fighting       | 4 5 |  5.3
Shields        | 4 |  4.9
Evocations     | 1 2 3 |  3.6
Invocations    | 2 |  2.7

Action                   |  1- 3 |  4- 6 |  7- 9 || total
-------------------------+-------+-------+-------++-------
Melee: War axe           |   101 |   193 |   148 ||   442
       Kick              |       |       |    28 ||    28
       Headbutt          |       |       |    25 ||    25
  Use: Scroll            |     4 |       |     8 ||    12
       Potion            |       |       |     3 ||     3
Armor: Scale mail        |    47 |    71 |    35 ||   153
       Chain mail        |       |       |    35 ||    35
Dodge: Dodged            |    44 |   162 |   114 ||   320
Block: Buckler           |    15 |    41 |    50 ||   106

Table legend: (Time is in decaauts)
 A = Elapsed time spent in this place.
 B = Non-inter-level travel time spent in this place.
 C = Inter-level travel time spent in this place.
 D = Time resting spent in this place.
 E = Time spent auto-exploring this place.
 F = Levels seen in this place.
 G = Mean time per level.
                   A        B        C        D        E       F      G
               +--------+--------+--------+--------+--------+-----+--------+
         Total |   7930 |   7780 |    150 |   2380 |   3922 |   8 |  991.2 |
       Dungeon |   6829 |   6763 |     66 |   2380 |   3213 |   6 | 1138.2 |
        Temple |    296 |    212 |     84 |      0 |    201 |   1 |  296.0 |
         Sewer |    803 |    803 |      0 |      0 |    508 |   1 |  803.0 |
               +--------+--------+--------+--------+--------+-----+--------+

Top non-repeatable levels by time:
     D:3: 1959 daAuts
     D:5: 1356 daAuts
     D:4: 1347 daAuts
     D:1: 1293 daAuts
     D:2: 844 daAuts
   Sewer: 803 daAuts
  Temple: 296 daAuts
     D:6: 29 daAuts
